AoeStats
← ME_DEPRIME_JUGAR_CON_USTEDES

Black Forest

507204248Analyzed
4v4 RM · 14d ago on Sep 17, 2026· 32m 50s· 8 players
Game mode
Random Map
Map size
Large (8 player)
Population
200
Speed
Normal
Resources
Standard
Victory
Conquest
Starting age
Dark Age
Ending age
Imperial Age
RankedLock teamsTeams togetherTeam positionsShared explorationLock speedFull tech treeHidden civsTurbo modeCheats
Victory
Defeat
🇦🇷 Cumans · Argentina
1508
+12
🇦🇷 Romans · Argentina
1502
+12
🇦🇷 Turks · Argentina
1435
+15
🇦🇷 Spanish · Argentina
1339
+18
🇲🇽 Khmer · Mexico
1457
-16
🇦🇺 Lithuanians · Australia
1410
-14
1406
-14
🇭🇰 Georgians · Hong Kong SAR China
1368
-13
SpawnShark
0:47 Loom
11:52 Feudal Age
13:08 Double-Bit Axe
20:59 Castle Age
24:01 Castle Age
22:16 Gold Mining
24:13 Fletching
thefacelessz12
0:44 Loom
13:32 Feudal Age
18:28 Castle Age
16:56 Double-Bit Axe
19:28 Horse Collar
32:33 Imperial Age
30:42 Heavy Plow
30:52 Bow Saw
30:37 Gold Mining
30:59 Town Watch
31:40 Ballistics
33:06 Wheelbarrow
33:07 Gold Shaft Mining
斷頭將軍拒當逃兵
0:26 Loom
11:56 Feudal Age
16:25 Castle Age
14:49 Double-Bit Axe
14:58 Horse Collar
17:32 Bow Saw
30:17 Imperial Age
28:44 Wheelbarrow
28:36 Heavy Plow
28:30 Gold Mining
28:30 Stone Mining
30:31 Hand Cart
31:31 Elite War Elephant
32:31 Conscription
32:26 Forging
32:21 Scale Barding Armor
动车的车头
10:25 Feudal Age
14:31 Castle Age
17:19 Scale Barding Armor
19:45 Forging
22:31 Wheelbarrow
21:42 Double-Bit Axe
21:38 Horse Collar
24:07 Iron Casting
23:52 Loom
25:20 Fletching
350 pero pregriloso
0:59 Loom
18:30 Feudal Age
25:06 Castle Age
24:32 Double-Bit Axe
24:54 Horse Collar
26:27 Town Watch
28:45 Bow Saw
JLoops
4:52 Loom
12:32 Feudal Age
13:28 Double-Bit Axe
13:43 Horse Collar
16:10 Castle Age
14:17 Gold Mining
17:17 Bow Saw
17:08 Heavy Plow
22:58 Wheelbarrow
23:21 Stone Mining
24:58 Hand Cart
26:19 Gold Shaft Mining
28:48 Imperial Age
26:06 Town Watch
28:15 Ballistics
27:58 Padded Archer Armor
28:42 Masonry
28:48 Treadmill Crane
30:26 Coinage
30:07 Artillery
31:17 Two-Man Saw
30:33 Leather Archer Armor
31:09 Architecture
31:18 Conscription
31:45 Ring Archer Armor
30:38 Elite Janissary
31:54 Hoardings
32:51 Fletching
33:15 Fortified Wall
33:23 Caravan
ME_DEPRIME_JUGAR_CON_USTEDES
6:11 Loom
8:36 Feudal Age
9:07 Double-Bit Axe
20:04 Horse Collar
22:06 Wheelbarrow
22:42 Town Watch
27:16 Castle Age
25:25 Gold Mining
26:32 Scale Barding Armor
26:37 Forging
27:54 Stone Mining
28:50 Chain Barding Armor
28:53 Bow Saw
29:03 Bloodlines
30:38 Iron Casting
30:37 Hand Cart
Manco de élite
12:34 Feudal Age
13:14 Man-at-Arms
16:30 Castle Age
14:31 Horse Collar
16:15 Scale Mail Armor
16:40 Pikeman
18:02 Chain Mail Armor
18:14 Loom
18:43 Double-Bit Axe
21:12 Wheelbarrow
23:29 Forging
23:24 Squires
23:57 Bow Saw
23:53 Long Swordsman
26:33 Heavy Plow
29:56 Gold Mining
30:01 Stone Mining
Connection lost

Rejoining the realm…

Still unreachable

The connection could not be restored.

Session expired

The server has moved on; the page needs a fresh start.